Map: Lightshade LE

Players

Solar

  • Race: Zerg Zerg
  • Spawn Location: 11:00

TYTY (TY) - Winner!

  • Race: Terran Terran
  • Spawn Location: 5:00

Event: IEM Katowice 2021

VOD

Have the link to the VOD?

Description

Time

  • Played on: Feb. 22, 2021, 8:33 a.m.
  • Length: 20:55

All games in this series

Show
View Real Time Build Order
Export as new Build Order

Solar Zerg 

Build Orders: Hatch First, Lurkers 

Get SALT Encoding   

  12  0:00  Drone  
  13  0:12  Overlord  
  13  0:17  Drone  
  14  0:30  Drone  
  14  0:31  Drone  
  16  0:47  Hatchery  
  15  0:52  Drone  
  15  0:56  Drone  
  17  0:58  Drone  
  18  1:13  Spawning Pool  
  18  1:16  Drone  
  18  1:19  Drone  
  19  1:27  Drone  
  19  1:30  Extractor  
  19  1:39  Drone  
  20  1:49  Drone  
  21  2:01  Queen x2  
  21  2:02  Zergling x4  
  27  2:12  Zergling x4  
  27  2:21  Drone  
  24  2:26  Drone  
  24  2:40  Drone  
  24  2:41  Overlord  
  24  2:47  Drone x2  
  26  2:59  Queen  
  26  3:01  Drone  
  29  3:06  Drone  
  29  3:11  Metabolic Boost  
  30  3:13  Drone  
  30  3:18  Drone  
  32  3:23  Overlord  
  32  3:26  Drone  
  33  3:27  Drone  
  33  3:30  Drone  
  35  3:42  Drone  
  35  3:46  Hatchery  
  35  3:49  Drone  
  35  3:50  Drone  
  35  3:53  Drone  
  38  3:57  Drone  
  38  3:58  Drone x2  
  41  4:03  Overlord  
  41  4:08  Queen  
  43  4:14  Drone  
  44  4:20  Overlord  
  44  4:22  Drone x2  
  46  4:25  Drone  
  46  4:26  Drone x4  
  46  4:30  Drone  
  52  4:34  Overlord  
  52  4:38  Drone x2  
  52  4:41  Drone  
  52  4:44  Queen  
  57  4:48  Drone x2  
  57  4:51  Zergling x2  
  60  4:53  Zergling x2  
  60  4:56  Drone  
  60  4:59  Queen  
  63  5:00  Drone x2  
  63  5:02  Extractor  
  63  5:06  Evolution Chamber  
  63  5:08  Baneling Nest, Drone  
  63  5:09  Drone  
  63  5:11  Drone, Spore Crawler  
  64  5:14  Spore Crawler  
  64  5:15  Spore Crawler  
  64  5:19  Lair  
  62  5:21  Overlord  
  62  5:25  Drone x2  
  62  5:26  Drone  
  65  5:29  Overlord  
  65  5:32  Overlord  
  65  5:36  Overlord  
  65  5:37  Extractor  
  65  5:41  Drone x5  
  69  5:43  Drone  
  69  5:44  Drone  
  69  5:47  Drone  
  72  5:50  Drone  
  72  5:52  Zerg Ground Armor Level 1  
  72  5:55  Drone x3  
  75  5:58  Drone  
  75  5:59  Drone x2  
  75  6:04  Drone  
  79  6:06  Extractor, Drone  
  79  6:07  Zergling x2  
  79  6:08  Zergling x8  
  84  6:12  Zergling x2  
  84  6:18  Centrifical Hooks  
  85  6:20  Overseer  
  85  6:21  Zergling x6  
  87  6:27  Overlord  
  87  6:28  Drone  
  87  6:29  Drone  
  87  6:30  Hatchery, Drone  
  87  6:31  Extractor  
  88  6:33  Drone  
  88  6:34  Zergling x2  
  88  6:35  Zergling x4  
  94  6:40  Drone x3  
  94  6:46  Zergling x4, Baneling  
  94  6:47  Baneling x8  
  97  6:48  Baneling  
  97  6:51  Zergling x6  
  98  6:57  Hatchery  
  98  7:00  Zergling x6, Queen  
  98  7:01  Queen  
  97  7:04  Zergling x6  
  97  7:06  Queen  
  96  7:08  Zergling x2  
  96  7:10  Zergling x4  
  96  7:14  Zergling x6  
  98  7:21  Zergling x2  
  98  7:22  Zergling x4  
  100  7:23  Baneling x5  
  100  7:24  Zergling x4  
  100  7:26  Drone  
  103  7:36  Zergling x4  
  100  7:38  Drone  
  97  7:45  Extractor  
  97  7:46  Evolution Chamber  
  97  7:47  Zergling x6, Zerg Melee Weapons Level 1  
  97  7:50  Baneling x3  
  96  7:53  Zergling x6  
  96  7:56  Baneling x2  
  96  7:57  Zergling x2  
  100  7:58  Overlord  
  100  8:05  Zergling x2  
  92  8:09  Queen x3  
  92  8:11  Zergling x10  
  99  8:13  Zergling x2  
  99  8:14  Zergling x6  
  99  8:15  Zergling x2  
  99  8:22  Baneling x4  
  99  8:24  Zergling x12  
  99  8:25  Drone  
  99  8:26  Queen  
  103  8:32  Drone x2  
  103  8:33  Zerg Ground Armor Level 2  
  103  8:34  Drone  
  103  8:36  Drone  
  105  8:41  Baneling x2, Infestation Pit  
  105  8:42  Hydralisk Den, Baneling x3  
  105  8:43  Drone x2  
  105  8:49  Drone x2  
  105  8:51  Drone  
  105  8:52  Drone  
  105  8:55  Overlord  
  108  8:58  Baneling x3  
  108  9:00  Zergling x2  
  109  9:03  Zergling x4  
  109  9:06  Drone  
  109  9:08  Zergling x2  
  113  9:11  Zergling x2  
  113  9:12  Zergling x4  
  113  9:15  Overlord  
  116  9:18  Zergling x2  
  116  9:19  Zergling x8  
  113  9:24  Zergling x8  
  113  9:27  Zergling x4  
  119  9:31  Hive  
  119  9:33  Lurker Den, Drone x2  
  119  9:34  Baneling x2  
  119  9:35  Baneling  
  119  9:38  Drone x2  
  122  9:40  Drone  
  122  9:41  Zergling x6  
  122  9:43  Overlord x4  
  126  9:49  Overlord x2  
  126  9:50  Hatchery  
  126  9:51  Drone  
  126  9:52  Baneling x2  
  126  9:58  Overseer, Pneumatized Carapace  
  126  10:02  Hydralisk x3, Extractor, Zerg Melee Weapons Level 2  
  126  10:03  Hydralisk x2  
  126  10:05  Zergling x10  
  134  10:14  Zergling x18  
  134  10:17  Overlord  
  134  10:20  Hatchery  
  134  10:21  Overseer  
  136  10:25  Zergling x6  
  133  10:31  Zergling x4  
  133  10:35  Hydralisk x2, Baneling x5  
  135  10:36  Hydralisk x5  
  135  10:37  Zergling x2  
  135  10:41  Drone  
  149  10:44  Drone  
  149  10:49  Zergling x4  
  143  10:56  Zergling x8  
  144  11:00  Viper x2  
  144  11:03  Extractor, Drone  
  150  11:08  Overlord  
  150  11:09  Overlord  
  150  11:10  Zergling x2, Seismic Spines  
  150  11:11  Zergling x6  
  154  11:12  Zerg Missile Weapons Level 1  
  154  11:15  Zergling x6  
  154  11:17  Baneling x4  
  156  11:20  Zergling x10, Overseer  
  156  11:22  Baneling x2  
  156  11:24  Overseer  
  156  11:25  Drone x2  
  162  11:31  Zergling x4, Adrenal Glands  
  160  11:33  Drone  
  160  11:35  Zergling x10  
  160  11:37  Drone  
  165  11:40  Drone  
  162  11:49  Zergling x10  
  162  11:50  Zergling x8  
  162  11:52  Overlord  
  167  11:55  Zergling x4  
  167  12:00  Drone  
  164  12:02  Lurker x5  
  169  12:09  Spore Crawler  
  169  12:11  Muscular Augments  
  169  12:13  Zergling x22  
  169  12:14  Zergling x2  
  169  12:15  Zergling x4  
  182  12:16  Zergling x2  
  182  12:18  Drone  
  182  12:19  Baneling  
  182  12:20  Baneling  
  184  12:23  Adaptive Talons  
  184  12:24  Overlord  
  184  12:25  Baneling  
  184  12:26  Baneling x3  
  184  12:28  Zergling x6  
  187  12:31  Overseer  
  187  12:35  Zergling x10  
  188  12:37  Drone  
  188  12:43  Zergling x16  
  196  12:48  Hydralisk x2, Drone  
  196  12:49  Zergling x2  
  199  12:51  Zergling x2  
  199  12:57  Zergling x6  
  197  13:04  Hydralisk x2  
  199  13:07  Baneling x5  
  199  13:08  Baneling  
  199  13:12  Zergling x2  
  200  13:15  Baneling  
  200  13:16  Baneling x5  
  200  13:17  Extractor  
  197  13:21  Zerg Ground Armor Level 3  
  197  13:22  Grooved Spines  
  197  13:23  Zergling x4  
  197  13:26  Zergling x2  
  200  13:27  Hatchery  
  200  13:30  Overlord x2  
  198  13:42  Overlord  
  198  13:45  Baneling x2  
  198  13:50  Drone  
  198  13:52  Baneling x7  
  199  14:10  Hatchery, Drone  
  199  14:11  Overseer  
  199  14:17  Zerg Melee Weapons Level 3  
  199  14:21  Baneling x5  
  199  14:51  Hydralisk x2  
  199  14:52  Hydralisk x2, Zergling x2  
  178  14:53  Zergling x24  
  178  14:54  Overlord  
  178  14:56  Lurker x6  
  178  14:57  Lurker  
  178  14:58  Overlord  
  195  15:01  Overlord  
  195  15:02  Overlord x2  
  195  15:05  Overlord  
  195  15:06  Overseer  
  189  15:07  Hydralisk x3  
  189  15:12  Lurker x3  
  189  15:13  Zergling x18  
  200  15:16  Baneling x4  
  200  15:17  Baneling x2  
  200  15:20  Zergling x4  
  199  15:30  Overseer  
  199  15:35  Overseer x3  
  199  15:37  Zergling x2  
  199  15:38  Zergling x4  
  199  15:39  Baneling x5  
  199  15:40  Baneling x3  
  198  15:54  Drone  
  198  15:55  Drone x11  
  198  15:56  Drone  
  200  15:58  Zerg Missile Weapons Level 2  
  189  16:12  Hydralisk x3  
  189  16:13  Zergling x12, Overseer  
  189  16:17  Hydralisk x2  
  189  16:18  Hydralisk, Zergling x8  
  193  16:19  Zergling x8  
  195  16:28  Drone x3  
  195  16:29  Drone  
  199  16:38  Drone  
  194  16:43  Zergling x26  
  194  16:44  Zergling x2  
  199  16:52  Zergling x10  
  200  16:55  Overseer  
  200  16:59  Lair  
  200  17:00  Zergling x4  
  199  17:02  Overlord  
  199  17:03  Overlord  
  199  17:04  Overlord x2  
  199  17:05  Zergling x4  
  199  17:06  Zergling x10  
  197  17:11  Overlord  
  197  17:12  Overlord  
  196  17:19  Overlord x2  
  196  17:20  Overlord  
  176  17:23  Hydralisk  
  176  17:24  Hydralisk x4  
  169  17:31  Zergling x6  
  160  17:39  Zergling x6  
  160  17:40  Zergling x12  
  160  17:43  Lurker x12  
  181  17:47  Hydralisk, Drone  
  181  17:48  Zergling x4  
  181  17:50  Baneling x13  
  186  17:52  Hydralisk x2  
  186  17:53  Hatchery  
  186  17:55  Zergling x4  
  186  17:57  Lurker  
  192  17:58  Overseer  
  192  17:59  Overseer x2  
  192  18:00  Zergling x4  
  194  18:12  Zergling x10  
  196  18:16  Zergling x2  
  196  18:17  Zergling x4  
  198  18:23  Drone  
  198  18:24  Zergling x4, Drone  
  199  18:27  Spore Crawler  
  199  18:33  Zergling x2  
  199  18:34  Zergling x2  
  199  18:38  Zergling x2  
  199  18:40  Hatchery  
  199  18:41  Baneling x4  
  199  18:44  Hive  
  199  18:47  Hydralisk x3, Extractor  
  198  18:50  Zergling x4  
  200  19:02  Zergling x34  
  196  19:10  Lurker x3  
  196  19:12  Zergling x2, Baneling x2  
  196  19:13  Zergling x6  
  200  19:20  Overseer x3  
  197  19:31  Overseer x3  
  197  19:32  Overseer  
  197  19:42  Zergling x6  
  199  20:01  Hydralisk  
  199  20:05  Zergling x14  
  199  20:06  Zergling x2  
  177  20:21  Hydralisk x3  
  177  20:23  Zergling x34  
  189  20:29  Overlord x2  
  189  20:30  Overlord  
  189  20:31  Overlord  
  189  20:35  Overlord  
Show
View Real Time Build Order
Export as new Build Order

TYTY Terran - Winner!

Build Orders:  

Get SALT Encoding   

  12  0:00  SCV  
  13  0:12  SCV  
  14  0:18  Supply Depot  
  14  0:24  SCV  
  15  0:40  Barracks  
  15  0:50  Barracks  
  15  0:52  SCV  
  16  1:04  SCV  
  16  1:06  Refinery  
  17  1:16  SCV  
  18  1:27  Marine  
  18  1:29  Orbital Command  
  19  1:37  Marine  
  20  1:41  Supply Depot  
  20  1:44  Marine  
  21  1:52  Bunker  
  21  1:55  Reaper, SCV  
  23  2:07  Reaper  
  23  2:08  SCV  
  25  2:20  SCV  
  23  2:34  SCV, Command Center  
  23  2:35  Refinery  
  23  2:46  SCV  
  23  2:48  Factory  
  24  2:58  SCV  
  25  3:10  SCV  
  26  3:13  Command Center  
  26  3:23  SCV  
  27  3:32  Starport, Factory Reactor  
  27  3:35  SCV  
  28  3:41  Barracks Tech Lab  
  28  3:45  Orbital Command  
  28  3:47  SCV  
  29  3:53  Marine  
  30  3:59  SCV  
  31  4:04  Orbital Command  
  33  4:10  Hellion x2  
  33  4:11  SCV  
  33  4:14  Supply Depot  
  36  4:17  Banshee  
  41  4:33  Hellion  
  41  4:34  Orbital Command  
  41  4:38  Marine x2  
  43  4:39  SCV  
  43  4:44  SCV  
  44  4:51  SCV  
  45  4:54  Supply Depot  
  45  4:56  SCV  
  47  5:00  SCV  
  47  5:02  Factory Tech Lab  
  47  5:03  SCV  
  47  5:04  Marine  
  47  5:05  Marine x2  
  47  5:07  Starport Reactor  
  51  5:08  SCV  
  51  5:09  Stimpack  
  51  5:12  SCV  
  53  5:15  SCV  
  53  5:19  Refinery  
  53  5:20  Refinery  
  54  5:21  Marine  
  54  5:22  Siege Tank  
  54  5:23  Marine x2  
  54  5:26  SCV  
  61  5:29  SCV, Engineering Bay  
  61  5:30  Engineering Bay  
  63  5:39  Marine  
  63  5:40  SCV  
  63  5:41  SCV, Orbital Command  
  63  5:42  Supply Depot  
  65  5:45  Medivac x2  
  69  5:52  Marine x2  
  69  5:53  SCV x2  
  69  5:54  Siege Tank  
  76  6:00  Terran Infantry Weapons Level 1  
  76  6:01  Supply Depot  
  76  6:02  Supply Depot  
  76  6:03  Marine  
  77  6:04  Terran Infantry Armor Level 1  
  77  6:06  SCV  
  77  6:09  SCV  
  77  6:10  SCV  
  80  6:12  Marine  
  80  6:13  Supply Depot  
  81  6:21  Barracks  
  81  6:24  SCV x2  
  83  6:26  Starport Reactor  
  83  6:27  Marine x2  
  83  6:29  Siege Tank  
  83  6:30  SCV  
  89  6:35  Marine  
  89  6:36  SCV x2  
  92  6:44  SCV  
  92  6:45  Marine x2  
  95  6:48  SCV  
  95  6:53  Marine  
  95  7:02  SCV x2, Marine  
  95  7:03  Medivac x2, Marine  
  102  7:11  Marine x3  
  102  7:15  SCV x2  
  101  7:17  Command Center  
  101  7:19  Combat Shield  
  101  7:20  Marine  
  101  7:21  Marine  
  101  7:22  Barracks x2  
  103  7:25  SCV  
  103  7:27  SCV  
  103  7:28  SCV, Supply Depot  
  103  7:29  Marine x3  
  109  7:37  Medivac, SCV  
  109  7:39  SCV, Marine x2  
  109  7:48  Armory  
  109  7:49  Medivac, SCV  
  109  7:51  SCV x2  
  114  7:54  Supply Depot x3, Siege Tank  
  117  8:02  Marine x2  
  117  8:05  Marine x2  
  111  8:06  SCV x2  
  111  8:09  Medivac  
  117  8:13  SCV  
  117  8:16  Marine  
  117  8:18  SCV x2  
  117  8:19  Medivac  
  116  8:20  Marine x2  
  116  8:23  Marine  
  116  8:26  Siege Tank  
  122  8:29  Refinery  
  122  8:30  Refinery  
  118  8:34  Marine x2  
  118  8:35  Barracks Reactor  
  118  8:36  Terran Infantry Weapons Level 2  
  118  8:38  Marine x2  
  118  8:41  Marine  
  119  8:42  SCV x2, Barracks Reactor  
  119  8:44  SCV  
  119  8:45  Sensor Tower  
  123  8:52  Marine x2  
  125  8:56  Marine x2  
  125  8:59  Widow Mine, Marine  
  125  9:00  Factory  
  130  9:04  Terran Infantry Armor Level 2  
  130  9:06  Drilling Claws  
  130  9:09  SCV x3, Marine  
  133  9:10  Marine  
  133  9:13  Marine x4  
  133  9:16  Marine  
  139  9:21  SCV  
  139  9:24  Marine x2  
  142  9:25  Medivac x2  
  142  9:27  Marine  
  142  9:28  Marine  
  148  9:31  Marine x4, Planetary Fortress  
  148  9:34  Marine  
  148  9:37  SCV  
  154  9:42  Marine x2  
  154  9:44  Widow Mine  
  154  9:45  Supply Depot  
  156  9:46  Supply Depot x2  
  156  9:53  Factory Reactor  
  156  10:04  Marine  
  156  10:06  SCV, Marine x7  
  164  10:07  Marine  
  164  10:08  SCV  
  164  10:10  Widow Mine  
  167  10:19  Medivac x2  
  159  10:22  Marine  
  159  10:24  Marine x4  
  151  10:30  Widow Mine x2  
  153  10:36  Barracks x2  
  153  10:38  Command Center x2, Barracks  
  151  10:49  Widow Mine  
  147  10:51  Medivac x2  
  147  10:53  Marine x2  
  147  10:55  Marine  
  147  10:56  Marine x3  
  159  10:57  Marine x2  
  159  11:00  Terran Infantry Weapons Level 3  
  159  11:01  Marine  
  157  11:11  Marine x2, Siege Tank  
  158  11:13  Marine x3  
  158  11:17  SCV, Factory Tech Lab  
  158  11:18  SCV  
  165  11:23  Marine x2  
  167  11:28  Barracks Tech Lab x3  
  166  11:34  Terran Vehicle Weapons Level 1, Refinery x2  
  166  11:35  Terran Infantry Armor Level 3  
  166  11:38  Marauder, Marine x3  
  166  11:39  Concussive Shells, Marine x2  
  169  11:41  Siege Tank  
  169  11:42  Liberator  
  169  11:43  Siege Tank  
  169  11:45  Liberator  
  179  11:52  Supply Depot x3  
  175  11:58  Marauder x3, Marine x5  
  175  11:59  Marauder, Marine x3  
  191  12:13  Orbital Command  
  191  12:16  Marine x3  
  191  12:17  Siege Tank x2, Ghost Academy  
  192  12:45  Factory  
  192  12:47  Factory  
  192  12:49  Siege Tank x2  
  194  12:52  Ghost  
  194  12:53  Ghost x2  
  194  12:58  Ghost  
  178  13:00  Viking x2  
  178  13:05  Command Center  
  180  13:06  Command Center, Marine x3  
  183  13:13  SCV x2  
  183  13:14  SCV  
  183  13:16  Planetary Fortress  
  183  13:18  Missile Turret  
  185  13:21  Ghost, Siege Tank x2  
  193  13:27  Ghost  
  193  13:28  Ghost  
  192  13:34  Viking  
  192  13:35  Refinery  
  192  13:37  Refinery, Sensor Tower  
  192  13:41  Command Center  
  194  13:43  Viking  
  194  13:45  Missile Turret  
  196  13:50  Factory Tech Lab x2  
  196  13:54  Ghost  
  200  13:56  Missile Turret  
  200  13:57  Missile Turret  
  200  13:58  Terran Vehicle Weapons Level 2  
  200  14:02  Personal Cloaking  
  197  14:13  Siege Tank  
  198  14:17  Neosteel Armor  
  198  14:18  Missile Turret x2  
  198  14:24  Armory  
  196  14:34  Orbital Command x2  
  196  14:39  Siege Tank  
  193  14:59  SCV x2, Sensor Tower  
  190  15:03  Marine  
  190  15:04  Marauder x2, Marine  
  186  15:07  SCV x2  
  186  15:10  SCV x2, Missile Turret  
  186  15:12  Planetary Fortress  
  186  15:14  Siege Tank x3  
  195  15:18  Missile Turret  
  189  15:32  Siege Tank, Missile Turret  
  189  15:38  Terran Vehicle And Ship Armor Level 1  
  189  15:41  Viking x2  
  189  15:42  Sensor Tower  
  193  15:46  Siege Tank  
  196  15:53  Siege Tank  
  193  16:13  Viking x2  
  193  16:14  Command Center  
  197  16:21  Siege Tank  
  200  16:28  Terran Vehicle Weapons Level 3  
  200  16:37  Sensor Tower  
  194  16:59  Viking  
  194  17:00  Viking  
  196  17:07  Marine x3  
  196  17:08  Marauder x3  
  176  17:11  Siege Tank x2  
  180  17:22  Marine x2  
  168  17:23  Marauder  
  168  17:25  Marine x2  
  168  17:29  Marauder, Viking  
  157  17:30  Viking  
  157  17:32  Marine x2  
  157  17:36  Marine, Ghost x2  
  157  17:37  Marine  
  148  17:43  Ghost  
  151  17:47  Sensor Tower, Terran Vehicle And Ship Armor Level 2  
  151  17:52  Siege Tank x2  
  157  17:58  Missile Turret  
  157  17:59  Siege Tank x2  
  158  18:15  Missile Turret  
  158  18:16  Planetary Fortress  
  158  18:22  Ghost x2  
  158  18:23  Ghost x2  
  158  18:27  Nuke  
  166  18:34  Medivac  
  166  18:35  Medivac  
  166  18:41  Siege Tank x2  
  169  18:43  Siege Tank  
  172  18:51  Ghost  
  174  18:55  Sensor Tower, Missile Turret  
  174  19:02  Orbital Command  
  170  19:08  Ghost x2  
  170  19:09  Marine x3  
  175  19:23  Nuke  
  174  19:29  Siege Tank x2  
  178  19:32  Siege Tank  
  178  19:35  Marauder x2, Marine x6  
  178  19:36  Missile Turret  
  178  19:37  Marauder, Marine x2  
  178  19:38  Marauder  
  196  19:46  Siege Tank  
  199  19:56  Missile Turret x2  
  199  20:03  Siege Tank  
  199  20:22  Siege Tank  
  199  20:23  Ghost  

Tags
 
Composition
Lurkers
Matchup
TvZ
Player
SolarTY
Spawn Locations
Cross Positions
Add a new tag
Caveats
  • Supply blocks, unpowered buildings, or Contaminate may cause inaccurate times.
  • Supply counts are checked every 10 seconds.